 Dungeon Crawl Stone Soup version 0.17-a0-1479-g4041c36 (webtiles) character file.

13388 Rainor the Slicer (level 11, -5/89 HPs)
             Began as a Vampire Enchanter on July 3, 2015.
             Was a Believer of Ashenzari.
             Slain by a skeletal warrior
             ... wielding a +0 flail
              (19 damage)
             ... on level 11 of the Dungeon.
             The game lasted 01:36:11 (13090 turns).

Rainor the Slicer (Vampire Enchanter)              Turns: 13090, Time: 01:36:12

Health: -5/89      AC: 11    Str:  8    XL:     11   Next: 74%
Magic:  14/14      EV: 18    Int: 17    God:    Ashenzari [**....]
Gold:   300        SH:  6    Dex: 21    Spells: 5 memorised, 2 levels left

rFire  + . .     SeeInvis +     L - +3 quick blade (curse)
rCold  . . .     Clarity  .     Q - +4 leather armour "Xeem" {Dex+3} (curse)
rNeg   + + .     SustAt   .     y - +0 buckler
rPois  .         Gourm    .     x - +0 helmet (curse)
rElec  .         Spirit   .     (no cloak)
rCorr  .         Warding  .     u - +2 pair of gloves (curse)
rMut   .         Stasis   .     (no boots)
MR     +....                    (no amulet)
Stlth  ++++++....               d - ring of positive energy
                                n - ring of protection from fire (curse)

@: somewhat resistant to hostile enchantments, very stealthy
A: claws 1, fangs 3, see invisible, unbreathing
a: Bat Form, Scrying, Renounce Religion


You were on level 11 of the Dungeon.
You worshipped Ashenzari.
Ashenzari was pleased with you.
You were not thirsty.

You visited 2 branches of the dungeon, and saw 12 of its levels.

You collected 758 gold pieces.
You spent 458 gold pieces at shops.

Inventory:

Hand weapons
 o - a +0 blowgun
 J - the +7 Singing Sword
   (You found it on level 5 of the Dungeon)
 L - a cursed +3 quick blade (weapon)
Missiles
 A - 25 poisoned needles
 P - 7 curare-tipped needles
Armour
 u - a cursed +2 pair of gloves (worn)
 x - a cursed +0 helmet (worn)
 y - a +0 buckler (worn)
 Q - the cursed +4 leather armour "Xeem" (worn) {Dex+3}
   (You bought it in a shop on level 6 of the Dungeon)

   It affects your dexterity (+3).
   It has a curse placed upon it.
Magical staves
 g - an uncursed staff of energy
 D - an uncursed staff of power
Jewellery
 d - a ring of positive energy (right hand)
 h - an uncursed amulet of resist corrosion
 k - an uncursed amulet of regeneration
 n - a cursed ring of protection from fire (left hand)
 r - an uncursed ring of flight
 G - an uncursed amulet of stasis
 M - a cursed ring of teleportation
 O - an uncursed ring of fire
 S - an uncursed ring of fire
Magical devices
 b - a wand of paralysis (17)
 m - a wand of slowing (6)
 I - a wand of paralysis (16)
 N - a wand of magic darts (17)
Scrolls
 a - 4 scrolls of curse armour
 i - a scroll of fog
 j - a scroll of enchant armour
 p - 3 scrolls of teleportation
 E - a scroll of curse weapon
 F - 6 scrolls of remove curse
 H - a scroll of recharging
 R - a scroll of identify
Potions
 e - 8 potions of curing
 l - 4 potions of haste
 q - a potion of cancellation
 s - a potion of cure mutation
 t - 2 potions of brilliance
 v - 2 potions of might
 z - 2 potions of agility
 B - 2 potions of lignification
Books
 c - a book of Maledictions

   Spells                             Type                      Level
   a - Corona                         Hexes                        1
   b - Ensorcelled Hibernation        Hexes/Ice                    2
   c - Confuse                        Hexes                        3
   d - Tukima's Dance                 Hexes                        3
   e - Dazzling Spray                 Conjuration/Hexes            3
 C - a Necronomicon

   Spells                             Type                      Level
   a - Haunt                          Necromancy/Summoning         7
   b - Borgnjor's Revivification      Necromancy                   8
   c - Death's Door                   Charms/Necromancy            8
   d - Necromutation                  Transmutation/Necromancy     8
Miscellaneous
 T - a phantom mirror


   Skills:
 + Level 9.5 Fighting
 - Level 12.0 Short Blades
 - Level 8.0 Dodging
 - Level 11.0 Stealth
 - Level 4.1 Shields
 - Level 2.0 Spellcasting
 - Level 1.0 Conjurations
 - Level 7.1 Hexes


You had 2 spell levels left.
You knew the following spells:

 Your Spells              Type           Power        Failure   Level  Hunger
a - Corona                Hex            ####...      1%          1    #......
b - Tukima's Dance        Hex            ####....     6%          3    ###....
c - Ensorcelled Hibernat  Hex/Ice        ##....       12%         2    ###....
d - Confuse               Hex            ####....     6%          3    ###....
e - Dazzling Spray        Conj/Hex       ###.....     17%         3    ###....


Dungeon Overview and Level Annotations

Branches:
Dungeon (11/15)            Temple (1/1) D:4
   Lair: D:8-11         Orc: D:9-12

Altars:
Ashenzari
Cheibriados
Dithmenos
Elyvilon
Fedhas
Gozag
Kikubaaqudgha
Makhleb
Nemelex Xobeh
Okawaru
Qazlal
Ru
Sif Muna
Trog
Vehumet
Xom
Yredelemnul
Zin
The Shining One

Shops:
D:6 [   D:10 [


Innate Abilities, Weirdness & Mutations

You have razor-sharp teeth.
You have supernaturally acute eyesight.
You can survive without breathing.
You have sharp fingernails.


Message History

You barely miss the skeletal warrior.
The skeletal warrior is heavily damaged.
You hit the skeletal warrior but do no damage.
You bite the skeletal warrior.
The skeletal warrior is heavily damaged.
You hit the skeletal warrior but do no damage.
Your bite misses the skeletal warrior.
The skeletal warrior is heavily damaged.
The skeletal warrior hits you with a flail!!
* * * LOW HITPOINT WARNING * * *
You barely miss the skeletal warrior.
The skeletal warrior is heavily damaged.
You hit the skeletal warrior but do no damage.
The skeletal warrior is heavily damaged.
You hit the skeletal warrior.
The skeletal warrior is heavily damaged.
You closely miss the skeletal warrior.
The skeletal warrior is heavily damaged.
The skeletal warrior hits you with a flail!!
You die...

#.# ###..######.# , #.#
#.......Z...# #.#
#.#########.# ** * #.# #.*
#.### #.# # * #...#### #.#
* #####....... #[# *,
,,............# #[#
################.#
#.#######@..# ########..
#...[...z...#####.........
#########........?########
###########


You could see a skeletal warrior.

Vanquished Creatures
  Gastronok (D:9)
  A skeletal warrior (D:10)
  3 hill giants
  Pikel (D:4)
  Maurice (D:9)
  Psyche (D:10)
  A two-headed ogre (D:8)
  A wyvern (D:10)
  Sigmund (D:6)
  7 yaks
  A deep elf mage (D:10)
  A human (D:7)
  A hippogriff (D:10)
  Menkaure (D:7)
  2 hungry ghosts
  Duvessa (D:6)
  5 necrophages
  2 black bears (D:9)
  3 phantoms
  4 sky beasts
  An orc warrior (D:9)
  4 ice beasts
  A wasp (D:9)
  7 ogres
  A crocodile (D:10)
  A big kobold (D:8)
  6 centaurs
  Blork the orc (D:6)
  8 giant frogs
  Dowan (D:6)
  A water moccasin zombie (D:7)
  6 scorpions
  16 killer bees
  7 wights
  2 centaur zombies
  4 orc priests
  3 crimson imps
  3 giant frog zombies (D:10)
  4 hounds
  3 iguanas
  7 orc wizards
  Crazy Yiuf (D:2)
  A giant frog skeleton (D:5)
  Ijyb (D:3)
  Jessica (D:2)
  5 worker ants
  A killer bee zombie (D:8)
  3 sheep (D:7)
  A hound skeleton (D:8)
  A worker ant zombie (D:8)
  14 adders
  2 gnolls (D:6)
  4 shadow imps
  An ooze (D:1)
  An adder zombie (D:10)
  2 worms
  14 giant geckos
  40 orcs
  A bat skeleton (D:5)
  8 giant cockroaches
  15 hobgoblins
  2 ball pythons
  22 bats
  A giant gecko zombie (D:6)
  A giant newt (D:2)
  17 goblins
  7 jackals
  28 kobolds
  2 quokkas
  3 quokka skeletons
  14 rats
  A bush (D:10)
  A plant (D:10)
342 creatures vanquished.

Vanquished Creatures (collateral kills)
  A centaur (D:9)
  2 ogres
  A big kobold (D:10)
  2 gnolls (D:6)
  3 orcs
9 creatures vanquished.

Vanquished Creatures (others)
  2 plants (D:10)
2 creatures vanquished.

Grand Total: 353 creatures vanquished

Notes
Turn   | Place    | Note
--------------------------------------------------------------
     0 | D:1      | Rainor the Vampire Enchanter began the quest for the Orb.
     0 | D:1      | Reached XP level 1. HP: 13/13 MP: 3/3
   328 | D:1      | Reached XP level 2. HP: 1/19 MP: 5/5
  1395 | D:1      | Reached XP level 3. HP: 22/24 MP: 6/6
  1525 | D:1      | Reached skill level 5 in Stealth
  1551 | D:2      | Noticed Jessica
  1569 | D:1      | Learned a level 3 spell: Tukima's Dance
  1572 | D:1      | Learned a level 2 spell: Ensorcelled Hibernation
  1586 | D:2      | Killed Jessica
  1648 | D:2      | Found a faded altar to an unknown god.
  1755 | D:2      | Reached skill level 6 in Stealth
  1995 | D:2      | Reached XP level 4. HP: 5/30 MP: 7/7
  2332 | D:2      | Noticed Crazy Yiuf
  2338 | D:2      | Killed Crazy Yiuf
  2338 | D:2      | Reached skill level 7 in Stealth
  2385 | D:2      | Reached XP level 5. HP: 35/35 MP: 8/8
  2649 | D:3      | Reached skill level 8 in Stealth
  2711 | D:3      | Noticed Ijyb
  2724 | D:3      | Killed Ijyb
  3083 | D:3      | Reached skill level 9 in Stealth
  3240 | D:3      | Gained mutation: You have sharp fingernails. [potion of beneficial mutation]
  3533 | D:4      | Reached skill level 1 in Fighting
  3537 | D:4      | Noticed an ogre
  3541 | D:4      | Killed an ogre
  3541 | D:4      | Reached XP level 6. HP: 31/44 MP: 5/9
  3652 | D:4      | Found a staircase to the Ecumenical Temple.
  3696 | Temple   | Entered the Ecumenical Temple
  3760 | Temple   | Became a worshipper of Ashenzari the Shackled
  4412 | D:4      | Found a burning altar of Makhleb.
  4412 | D:4      | Noticed Pikel
  4412 | D:4      | Noticed a slave
  4412 | D:4      | Noticed a slave
  4412 | D:4      | Noticed a slave
  4412 | D:4      | Noticed a slave
  4423 | D:4      | Killed Pikel
  4423 | D:4      | Reached skill level 5 in Fighting
  4423 | D:4      | Reached XP level 7. HP: 46/57 MP: 10/10
  4532 | D:5      | Entered Level 5 of the Dungeon
  4563 | D:5      | Found a shadowy altar of Dithmenos.
  4576 | D:5      | Reached skill level 1 in Shields
  4589 | D:5      | Reached XP level 8. HP: 52/64 MP: 8/11
  5202 | D:5      | Paralysed by a centaur for 6 turns
  5444 | D:5      | Reached skill level 5 in Dodging
  5563 | D:6      | Noticed Blork the orc
  5564 | D:6      | Noticed Sigmund
  5572 | D:6      | Killed Blork the orc
  5591 | D:6      | Killed Sigmund
  5660 | D:6      | Noticed Duvessa
  5661 | D:6      | Noticed Dowan
  5684 | D:6      | Killed Duvessa
  5684 | D:6      | Reached XP level 9. HP: 59/69 MP: 9/12
  5692 | D:6      | Killed Dowan
  6011 | D:6      | Reached skill level 5 in Short Blades
  6119 | D:6      | Found Veof's Armour Emporium.
  6277 | D:6      | Found an iron altar of Okawaru.
  6278 | D:6      | Found a bloodstained altar of Trog.
  6421 | D:7      | Found a flagged portal.
  7249 | D:7      | Noticed Menkaure
  7256 | D:7      | Killed Menkaure
  7256 | D:7      | Reached XP level 10. HP: 76/76 MP: 13/13
  7525 | D:8      | Reached skill level 10 in Short Blades
  7965 | D:8      | Learned a level 3 spell: Confuse
  7969 | D:8      | Learned a level 3 spell: Dazzling Spray
  8167 | D:8      | Reached skill level 5 in Hexes
  8266 | D:8      | Reached skill level 1 in Conjurations
  8941 | D:6      | Bought the +4 leather armour "Xeem" {Dex+3} for 458 gold pieces
  9232 | D:9      | Noticed Gastronok
  9256 | D:9      | Killed Gastronok
  9423 | D:9      | Noticed Maurice
  9428 | D:9      | Killed Maurice
  9428 | D:9      | Reached XP level 11. HP: 86/89 MP: 14/14
  9539 | D:9      | Found a basalt altar of Yredelemnul.
  9593 | D:9      | Found a stormy altar of Qazlal.
  9593 | D:9      | Found a radiant altar of Vehumet.
  9831 | D:9      | Noticed a hill giant
  9845 | D:9      | Killed a hill giant
  9847 | D:9      | Reached skill level 10 in Stealth
  9900 | D:9      | Acquired Ashenzari's first power
 10589 | D:10     | Entered Level 10 of the Dungeon
 10630 | D:10     | Identified a scroll of acquirement
 10690 | D:10     | Reached skill level 11 in Stealth
 10957 | D:10     | Noticed a hill giant
 10991 | D:10     | Killed a hill giant
 11018 | D:10     | Noticed Psyche
 11036 | D:10     | Killed Psyche
 11409 | D:10     | Found a blossoming altar of Fedhas.
 11768 | D:10     | Found Yqan's Antique Armour Shop.
 12143 | D:11     | Noticed a hill giant
 12149 | D:11     | Killed a hill giant
 12149 | D:11     | Reached skill level 12 in Short Blades
 12155 | D:11     | Noticed a skeletal warrior
 12157 | D:11     | Noticed a skeletal warrior
 12584 | D:10     | Killed a skeletal warrior
 12611 | D:11     | Noticed a skeletal warrior
 12611 | D:11     | Noticed a skeletal warrior
 12611 | D:11     | Noticed a skeletal warrior
 13090 | D:11     | Slain by a skeletal warrior

Vault maps used:
D:1:      lightli_arrival_quake, minmay_misc_feat_ornament
D:2:      ecumenical_altar_2, hangedman_decor_opposing, uniq_crazy_yiuf_cottage,
          uniq_jessica
D:3:      uniq_iyjb
D:4:      lightli_temple_of_fire, minmay_temple_entry_statues_fountains,
          first_bread, uniq_pikel
D:5:      old_forge, lemuel_round_altar, minmay_misc_feat_rows
D:6:      grunt_temple_overflow_bloody_war, serial_shops,
          nicolae_shop_behind_doors, uniq_blork_the_orc, uniq_sigmund,
          uniq_duvessa
D:7:      enter_bailey_8, st_stairs_10, grunt_livestock, uniq_menkaure
D:9:      gammafunk_temple_overflow_forgotten, uniq_maurice, uniq_gastronok
D:10:     serial_shops, shop_fountains, fedhas_altar_decomposition, uniq_psyche
D:11:     minmay_wavy_crystal, erik_lair_orcish_takeover
Temple:   circular_temple_12

Action                   |  1- 3 |  4- 6 |  7- 9 | 10-12 || total
-------------------------+-------+-------+-------+-------++-------
Melee: Dagger            |   166 |    33 |   425 |   315 ||   939
       Quarterstaff      |       |   124 |       |       ||   124
       Double sword      |       |       |   127 |   132 ||   259
       Quick blade       |       |       |       |   638 ||   638
Throw: Throwing net      |       |       |       |     1 ||     1
 Cast: Tukima's Dance    |     1 |     1 |     6 |    11 ||    19
       Corona            |       |       |       |     3 ||     3
       Ensorcelled Hiber |       |       |       |     1 ||     1
       Confuse           |       |       |       |     1 ||     1
  Use: Scroll            |     6 |     9 |     8 |     9 ||    32
       Potion            |       |     1 |       |     8 ||     9
 Stab: Sleeping          |    11 |    11 |    16 |    25 ||    63
       Distracted        |       |     3 |     3 |     2 ||     8
       Paralysed         |       |     3 |       |       ||     3
       Petrifying        |       |       |       |     2 ||     2
       Fleeing           |       |       |       |     1 ||     1
       Held in net/web   |       |       |       |     1 ||     1
  Eat: Corpse            |     9 |     5 |    13 |    15 ||    42
